 Dungeon Crawl Stone Soup version 0.18.1-8-gdd0e5ea (webtiles) character file.

865131 dvd the Gargoyle Barricade (level 27, -1/199 HPs)
             Began as a Gargoyle Fighter on May 29, 2016.
             Was the Champion of Qazlal.
             Killed from afar by a Brimstone Fiend (31 damage)
             ... with damnation
             ... created by the effects of Hell
             ... on level 7 of Gehenna on June 1, 2016.
             The game lasted 06:45:27 (81731 turns).

dvd the Gargoyle Barricade (Gargoyle Fighter)      Turns: 81731, Time: 06:45:28

Health: -1/199     AC: 52    Str: 29    XL:     27
Magic:  46/46      EV: 24    Int:  6    God:    Qazlal [******]
Gold:   6556       SH: 43    Dex: 27    Spells: 0 memorised, 26 levels left

rFire  + + .     SeeInvis +     a - +7 morningstar of Uhuliesio {crush, Int-3 Dex+6}
rCold  + + .     Gourm    .     E - +1 plate armour "Kuosowug" {MP+9 SInv}
rNeg   + + +     Faith    .     y - +6 large shield
rPois  ∞         Spirit   .     c - +1 helmet
rElec  +         Dismiss  .     w - +1 cloak "Gifet" {MR+++ Str-4 Int-3 Stlth+}
rCorr  +         Reflect  .     C - +2 pair of gloves {Str+3}
SustAt .         Harm     .     i - +2 pair of boots {run}
MR     +++++     Rnd*Rage +     K - amulet of Hetedyrr {rElec rN++ Regen+ Slay+3 Stlth+}
Stlth  +.........               k - ring "Kygao" {rPois rC+ MR+ Int+3 Dex+6}
                                V - ring "Torifov" {rCorr rF+ Str+6 Dex+3}

@: protected from fire, flying, repel missiles, quick, almost entirely resistant
to hostile enchantments, very unstealthy
A: big wings, hooves 1, thin metallic scales 1, berserk 1, clumsy 1, cold
resistance 1, deformed body, negative energy resistance 1, electricity
resistance, weak 2, unbreathing, petrification resistance, rot immunity,
MP-powered wands, AC +20
a: Stop Flying, Upheaval, Elemental Force, Disaster Area, Renounce Religion
}: 5/15 runes: serpentine, barnacled, slimy, silver, iron


You were on level 7 of Gehenna.
You worshipped Qazlal.
Qazlal was exalted by your worship.
You were not hungry.

You visited 15 branches of the dungeon, and saw 72 of its levels.
You visited the Abyss 1 time.
You also visited: Ice Cave.

You collected 8839 gold pieces.
You spent 2283 gold pieces at shops.

Inventory:

Hand Weapons
 a - the +7 morningstar of Uhuliesio (weapon) {crush, Int-3 Dex+6}
   (You took it off a deep elf sorcerer on level 5 of the Vaults)

   It inflicts extra damage upon your enemies.
   It affects your intelligence (-3).
   It affects your dexterity (+6).
 j - the +4 Staff of Dispater
   (You took it off Dispater on level 7 of the Iron City of Dis)
 v - the +1 morningstar "Fipidiemn" {speed, Str+4 Dex+2}
   (You took it off a deep elf death mage on level 5 of the Vaults)

   Attacks with this weapon are significantly faster.
   It affects your strength (+4).
   It affects your dexterity (+2).
 J - a +9 demon whip of electrocution
 X - a cursed +2 vampiric demon whip
Armour
 b - the +0 gold dragon armour of the Twelve Tales {rElec rPois rF+ rC+ rN+}
   (You acquired it on level 3 of the Depths)

   It protects you from fire.
   It protects you from cold.
   It insulates you from electricity.
   It protects you from poison.
   It protects you from negative energy.
 c - a +1 helmet (worn)
 i - a +2 pair of boots of running (worn)
 w - the +1 cloak "Gifet" (worn) {MR+++ Str-4 Int-3 Stlth+}
   (You found it on level 2 of the Depths)

   It affects your strength (-4).
   It affects your intelligence (-3).
   It affects your resistance to hostile enchantments.
   It makes you more stealthy.
 y - a +6 large shield (worn)
 A - a +2 hat
 C - a +2 pair of gloves of strength (worn)
 E - the +1 plate armour "Kuosowug" (worn) {MP+9 SInv}
   (You took it off an orc warrior on level 5 of the Vaults)

   It affects your magic capacity (+9).
   It lets you see invisible.
 Q - the +4 cloak "Jisomylo" {Dex+3}
   (You found it on level 5 of the Vaults)

   It affects your dexterity (+3).
Jewellery
 d - a +5 amulet of reflection
 g - the ring of the Forsaken Ghosts {rCorr rF+ rN+ Dex+2}
   (You found it on level 1 of the Depths)

   [ring of resist corrosion]

   It affects your dexterity (+2).
   It protects you from fire.
   It protects you from negative energy.
 k - the ring "Kygao" (right hand) {rPois rC+ MR+ Int+3 Dex+6}
   (You took it off a deep elf annihilator on level 3 of the Elven Halls)

   [ring of dexterity]

   It affects your intelligence (+3).
   It affects your dexterity (+6).
   It protects you from cold.
   It protects you from poison.
   It affects your resistance to hostile enchantments.
 F - the ring "Axtem" {SustAt +Fly rPois rF+}
   (You took it off an orc on level 2 of the Depths)

   [ring of sustain attributes]

   It sustains your strength, intelligence and dexterity.
   It protects you from fire.
   It protects you from poison.
   It lets you fly.
 K - the amulet of Hetedyrr (around neck) {rElec rN++ Regen+ Slay+3 Stlth+}
   (You found it on level 8 of the Lair of Beasts)

   [amulet of regeneration]

   It affects your accuracy and damage with ranged weapons and melee attacks
   (+3).
   It insulates you from electricity.
   It greatly protects you from negative energy.
   It increases your rate of regeneration.
   It makes you more stealthy.
 O - the ring of Shadows {Umbra +Inv rN+ SInv}
   (You found it on level 6 of the Pits of Slime)

   [ring of positive energy]

   It protects you from negative energy.
   It lets you see invisible.
   It lets you turn invisible.
 R - the ring "Deabecw" {MR+++ Str-4 Int+2 Dex-2 Stlth+}
   (You found it on level 6 of the Pits of Slime)

   [ring of intelligence]

   It affects your strength (-4).
   It affects your intelligence (+2).
   It affects your dexterity (-2).
   It affects your resistance to hostile enchantments.
   It makes you more stealthy.
 V - the ring "Torifov" (left hand) {rCorr rF+ Str+6 Dex+3}
   (You took it off a vault warden on level 5 of the Vaults)

   [ring of resist corrosion]

   It affects your strength (+6).
   It affects your dexterity (+3).
   It protects you from fire.
 W - the ring of Base {Str+4 SInv}
   (You found it in an ice cave)

   [ring of see invisible]

   It affects your strength (+4).
   It lets you see invisible.
 Y - the amulet of Cekugob {Dismiss -Tele rElec rPois rN++ AC+1 EV+1}
   (You found it on level 7 of the Iron City of Dis)

   [amulet of dismissal]

   It may teleport away creatures that harm you.
   It affects your AC (+1).
   It affects your evasion (+1).
   It insulates you from electricity.
   It protects you from poison.
   It greatly protects you from negative energy.
   It prevents most forms of teleportation.
Wands
 m - a wand of teleportation (5/9)
 p - a wand of hasting (7/9)
 I - a wand of heal wounds (7/9)
 M - a wand of digging (10/24)
 U - a wand of teleportation (6/9)
Scrolls
 e - 5 scrolls of blinking
 l - 15 scrolls of teleportation
 q - 19 scrolls of remove curse
 u - 25 scrolls of identify
 x - 5 scrolls of recharging
 B - 5 scrolls of enchant weapon
 H - a scroll of holy word
 N - 9 scrolls of fear
 S - 5 scrolls of magic mapping
 Z - 10 scrolls of fog
Potions
 h - 8 potions of magic
 n - 2 potions of cure mutation
 s - a potion of brilliance
 t - a potion of heal wounds
 z - 3 potions of haste
 G - a potion of agility
 L - 22 potions of curing
 T - 5 potions of resistance
Miscellaneous
 r - the horn of Geryon
Comestibles
 f - 37 bread rations
 o - 54 fruits
 D - 14 meat rations


   Skills:
 O Level 27 Fighting
 O Level 27 Maces & Flails
   Level 9.6 Slings
 + Level 0.3(6.0) Throwing
 * Level 21.5 Armour
 + Level 16.0 Dodging
 + Level 6.1 Stealth
 O Level 27 Shields
 * Level 20.1 Invocations
 + Level 3.7 Evocations


You had 26 spell levels left.
You didn't know any spells.

Dungeon Overview and Level Annotations

Branches:
Dungeon (15/15)            Temple (1/1) D:6            Lair (8/8) D:9
 Shoals (4/4) Lair:5        Snake (4/4) Lair:4        Slime (6/6) Lair:7
    Orc (2/2) D:12            Elf (3/3) Orc:2        Vaults (5/5) D:13
  Crypt (3/3) Vaults:2       Tomb (0/3) Crypt:3      Depths (5/5) D:15
   Hell (1/1)                 Dis (7/7) Hell            Geh (7/7) Hell
    Coc (0/7) Hell            Tar (0/7) Hell            Zot (1/5) Depths:5

Altars:
Ashenzari
Cheibriados
Dithmenos
Elyvilon
Fedhas
Gozag
Kikubaaqudgha
Makhleb
Nemelex Xobeh
Okawaru
Pakellas
Qazlal
Ru
Sif Muna
Trog
Vehumet
Xom
Yredelemnul
Zin
The Shining One
Beogh
Jiyva

Shops:
Orc:2 =(*[   Elf:2 =   Snake:2 *   Snake:3 [   Vaults:1 %!   Vaults:3 *
Vaults:5 !   Depths:2 (

Portals:
Hell: Depths:1 Depths:2 Depths:3 Depths:4 Depths:5
Abyss: Depths:2 Depths:4
Pandemonium: Depths:3
Ziggurat: Depths:2


Innate Abilities, Weirdness & Mutations

You are resistant to torment.
Your stone body is resilient (AC +20).
You are immune to poison.
Your large and strong wings let you fly indefinitely.
You resist negative energy.
You are resistant to electric shocks.
You can survive without breathing.
You are immune to petrification.
You are immune to rotting.
You have large cloven feet.
You are partially covered in thin metallic scales (AC +2).
You tend to lose your temper in combat.
You are clumsy. (Dex -2)
Your flesh is cold resistant.
Armour fits poorly on your strangely shaped body.
You are very weak. (Str -4)
You expend magic power (3 MP) to strengthen your wands.


Message History

You bludgeon the hell hog!!
The hell hog is severely wounded.
You block the hell hog's attack.
You puncture the hell hog!
The hell hog is almost dead.
You block the hell hog's attack.
You hammer the hell hog like a gong!!!
You kill the hell hog!
Qazlal accepts your kill. The Brimstone Fiend gestures at you.
The damnation unfurls!
The damnation engulfs you!
* * * LOW HITPOINT WARNING * * *
The Brimstone Fiend hits you but does no damage. x2
You block the Brimstone Fiend's attack.
You completely miss the Brimstone Fiend.
You puncture the Brimstone Fiend!
The Brimstone Fiend is lightly wounded.
The Brimstone Fiend gestures at you.
The damnation unfurls!
The damnation engulfs you!
You die...

#########################
§≈≈≈≈§≈≈≈≈≈≈§≈§§§≈§≈≈§§§≈§
≈≈≈≈..§.≈≈≈≈§§≈≈≈≈..≈§§§≈≈
§≈...§≈...§≈..§≈§§...§§§..
≈.≈...§......§§†§.........
.............§.§@1........
.............####.........
..............###......§..
#.......#......###......#.
.................§........
..........................
..........................
..........................
...##.....................


You could see a Brimstone Fiend.

Vanquished Creatures
  the Royal Jelly (Slime:6)
  Dissolution (Slime:3)
  the Serpent of Hell (Dis:7)
  Dispater (Dis:7)
  Mara (Crypt:1)
  An ancient lich (Crypt:3)
  Sojobo (Vaults:4)
  Boris (Vaults:3)
  Vashnia (Snake:3)
  Norris (Snake:3)
  Margery (Depths:2)
  Saint Roka (Vaults:3)
  Geryon (Hell)
  The ghost of st0uf the Bludgeoner, an adept DrBe of Trog (Crypt:2)
  2 golden dragons
  Nikola (Depths:1)
  Xtahua (Crypt:1)
  10 iron giants
  5 bone dragons
  33 Brimstone Fiends
  An electric golem (Zot:1)
  Jorgrun (Elf:2)
  Rupert (Vaults:4)
  4 Ice Fiends
  7 tentacled monstrosities
  10 Hell Sentinels
  8 liches
  Asterion (Lair:4)
  2 deep elf blademasters
  2 deep elf master archers (Elf:3)
  3 quicksilver dragons
  3 titans (Vaults:5)
  23 acid blobs
  The ghost of tyrsky the Impregnable, an adept MiGl of Okawaru (Shoals:4)
  Polyphemus (Shoals:4)
  The ghost of deorigin the Black Belt, an adept DsGl of Okawaru (Shoals:4)
  4 sphinxes
  A death cob (Zot:1)
  4 Executioners
  9 ancient champions
  A kraken (Shoals:2)
  6 eldritch tentacles
  10 tentacled starspawn
  Kirke (Snake:3)
  6 shadow dragons (Vaults:5)
  8 tengu reavers
  4 storm dragons
  Ilsuiw (Shoals:4)
  Roxanne (Snake:2)
  7 greater nagas
  10 azure jellies
  8 iron dragons
  A daeva (Abyss:1)
  6 revenants
  9 frost giants
  Donald (Snake:1)
  13 fire giants
  3 draconian knights
  11 deep elf sorcerers
  4 orc warlords
  14 balrugs
  Louise (Snake:3)
  14 cacodemons
  A draconian shifter (Zot:1)
  A curse skull (Depths:4)
  20 vault wardens
  Aizul (Snake:2)
  A draconian scorcher (Zot:1)
  4 deep elf elementalists
  23 ironheart preservers
  14 very ugly things
  6 ghouls
  The ghost of Gekot the Imperceptible, an adept SpEn of Dithmenos (Snake:1)
  A spriggan defender (Depths:3)
  A stone giant (shapeshifter) (Vaults:5)
  42 stone giants
  3 black draconians
  60 reapers
  5 vampire knights
  24 salamander stormcallers
  A white draconian (Depths:5)
  11 deep elf annihilators
  Azrael (D:15)
  A lorocyproca (Dis:7)
  4 deep elf demonologists (Elf:3)
  Nessos (Lair:6)
  2 mottled draconians
  A red draconian (Zot:1)
  A dire elephant (Lair:8)
  6 spark wasps
  3 purple draconians
  6 eidola
  29 vault guards
  7 merfolk javelineers
  11 death oozes
  2 green deaths
  7 quicksilver dragon zombies
  9 deep elf death magi
  12 ettins
  11 fire dragons
  3 blizzard demons (Hell)
  10 yaktaur captains
  18 jiangshi
  A crystal guardian (Vaults:5)
  19 ogre magi
  7 merfolk impalers
  4 rakshasas
  Josephine (Lair:4)
  6 entropy weavers
  7 deep elf high priests
  A kraken zombie (Hell)
  12 ice dragons
  128 slime creatures
  12 great orbs of eyes
  An entropy weaver (shapeshifter) (Vaults:5)
  5 naga warriors
  6 merfolk avatars
  A spriggan air mage (Depths:4)
  7 hydras
  11 anacondas
  3 quicksilver dragon skeletons
  2 hell beasts
  An anaconda (shapeshifter) (Vaults:5)
  2 catoblepae
  12 centaur warriors
  2 satyrs
  31 dancing weapons
  3 death knights
  An alligator (Shoals:2)
  54 hell hogs
  5 merfolk aquamancers
  8 deep troll earth magi
  A queen ant (Lair:6)
  5 tengu warriors
  16 naga sharpshooters
  2 shock serpents
  8 orc high priests
  A spriggan berserker (Depths:2)
  89 hell knights
  12 vampire magi
  12 thrashing horrors
  6 titan zombies
  Urug (D:15)
  18 death yaks
  10 deep troll shamans
  10 soul eaters
  Sonja (D:14)
  17 sun demons
  2 iron golems
  The ghost of nikopol the Cleaver, a novice MiBe of Trog (D:9)
  9 titan skeletons
  9 storm dragon zombies
  3 spriggans (Depths:3)
  A fire crab (Vaults:1)
  27 deep elf knights
  102 skeletal warriors
  4 storm dragon skeletons
  27 large abominations
  2 shadow demons
  An unseen horror (Vaults:1)
  3 shadow wraiths
  17 iron trolls
  23 wretched stars
  6 golden dragon zombies
  24 deep trolls
  An unseen horror (shapeshifter) (Vaults:5)
  3 golden dragon skeletons
  7 salamander mystics
  18 sea snakes
  4 ghost moth zombies
  8 shadow dragon zombies
  10 giant orange brains
  11 anaconda zombies
  18 flayed ghosts
  7 hill giants
  16 deep elf archers
  6 naga ritualists
  A kraken simulacrum (Hell)
  15 phantasmal warriors
  12 ironbrand convokers
  7 anaconda skeletons
  7 frost giant zombies
  30 necromancers
  8 wolf spider zombies
  5 harpies
  5 wizards
  35 ugly things
  5 iron dragon zombies
  13 orc knights
  A shadow dragon skeleton (Geh:4)
  64 deep elf magi
  7 wolf spiders
  An oklob plant (D:6)
  6 orc sorcerers
  6 fire giant zombies
  7 griffons
  A faun (Shoals:1)
  11 manticores
  11 stone giant zombies
  3 mana vipers
  11 cyclopes
  5 shining eyes
  3 worldbinders
  4 iron dragon skeletons
  43 salamanders
  6 frost giant skeletons
  A moth of wrath (shapeshifter) (Vaults:5)
  3 hornets
  5 fire giant skeletons
  29 black mambas
  6 sirens
  5 sixfirhies
  A guardian serpent (shapeshifter) (Vaults:5)
  5 moths of wrath (Zot:1)
  A black mamba (shapeshifter) (Vaults:1)
  6 dire elephant zombies
  2 gargoyles
  2 apocalypse crabs (Abyss:5)
  7 guardian serpents
  56 rust devils
  6 stone giant skeletons
  10 elephants
  2 orange demons
  A shock serpent zombie (Dis:7)
  3 ice statues
  26 naga magi
  12 smoke demons
  12 molten gargoyles
  Psyche (D:8)
  9 water nymphs
  3 eyes of devastation
  4 shock serpent skeletons
  A torpor snail (Lair:5)
  11 spiny frogs
  24 vault sentinels
  3 dire elephant skeletons
  A yellow draconian zombie (Dis:7)
  2 catoblepas zombies
  A kobold demonologist (Vaults:3)
  A storm dragon simulacrum (Crypt:1)
  52 hellions
  4 centaur skeletons
  5 efreet
  3 rime drakes
  4 emperor scorpion zombies
  13 freezing wraiths
  9 komodo dragons
  47 yaktaurs
  An anaconda simulacrum (Hell)
  3 hellwings
  A demonic crawler (Abyss:5)
  51 red devils
  57 tormentors
  7 ancient zymes
  25 ice devils
  A catoblepas skeleton (Hell)
  The ghost of Flavorfulsole the Skirmisher, an amateur MiCK of Xom (D:4)
  A queen bee (D:11)
  2 tengu conjurers
  A white draconian skeleton (Crypt:1)
  A yaktaur skeleton (Depths:1)
  3 elf skeletons
  A jumping spider (shapeshifter) (Vaults:2)
  13 trolls
  2 wind drakes (Shoals:1)
  A green draconian skeleton (Geh:1)
  2 harpy zombies
  A queen ant zombie (Crypt:2)
  28 merfolk
  9 hydra zombies
  2 jumping spiders (Depths:5)
  34 two-headed ogres
  An alligator zombie (Dis:2)
  29 blink frogs
  6 polar bears
  3 bog bodies
  A boulder beetle (shapeshifter) (Vaults:3)
  9 hydra skeletons
  9 fire dragon zombies
  9 ice dragon zombies
  A harpy skeleton (D:15)
  2 boulder beetles (Vaults:4)
  A blink frog (shapeshifter) (Vaults:4)
  14 ettin zombies
  37 raiju
  21 snapping turtles
  4 air elementals
  4 ettin skeletons
  7 fire dragon skeletons
  A redback (shapeshifter) (Vaults:3)
  15 redbacks
  128 flying skulls
  36 shadows
  2 vampires
  2 black mamba skeletons
  6 ice dragon skeletons
  40 yaks
  A satyr skeleton (Crypt:1)
  14 water elementals
  A black mamba zombie (Geh:3)
  21 small abominations
  2 tarantellas
  49 wraiths
  An alligator skeleton (Crypt:1)
  8 ynoxinuls
  38 fire elementals
  2 chaos spawn (Abyss:1)
  2 basilisks
  A fire bat (shapeshifter) (Abyss:5)
  13 fire bats
  17 humans
  3 wyverns
  3 golden eyes
  17 hippogriffs
  21 vampire mosquitoes
  A steam dragon (D:9)
  3 hungry ghosts
  6 neqoxecs
  A hog (shapeshifter) (D:15)
  2 merfolk zombies
  A harpy simulacrum (D:14)
  58 nagas
  9 wargs
  5 spatial vortices
  An insubstantial wisp (Abyss:5)
  2 mottled dragons
  A putrid demonspawn skeleton (Crypt:1)
  8 soldier ants (Lair:6)
  12 water moccasins
  3 spiny frog zombies
  5 giant eyeballs
  Duvessa (D:5)
  An infernal demonspawn skeleton (Crypt:2)
  114 hell hounds
  20 ice beasts
  9 porcupines
  3 sky beasts
  A swamp drake (shapeshifter) (Vaults:3)
  5 spiny frog skeletons
  2 black bears
  82 ogres
  54 orc warriors
  19 necrophages
  5 wasps
  2 swamp dragon zombies
  2 manticore zombies
  An ettin simulacrum (Crypt:1)
  9 snapping turtle skeletons
  36 wolves
  A ghost crab zombie (Crypt:2)
  9 eyes of draining
  5 manticore skeletons
  19 boggarts
  A crocodile (shapeshifter) (Depths:2)
  9 phantoms
  10 centaurs
  10 snapping turtle zombies
  12 crocodiles
  2 swamp dragon skeletons
  A big kobold (D:12)
  19 giant frogs
  5 earth elementals
  A spiny frog simulacrum (Hell)
  Dowan (D:5)
  A wyvern zombie (D:10)
  A troll zombie (Geh:2)
  3 scorpions
  30 killer bees
  72 wights
  3 troll skeletons
  A howler monkey (D:9)
  7 electric eels
  A wasp zombie (Crypt:1)
  6 centaur zombies
  17 crimson imps
  A giant frog zombie (Crypt:1)
  2 lava snakes (D:15)
  26 starcursed masses
  2 human zombies
  35 jellies
  2 quasits
  A gnoll shaman (D:6)
  18 orc priests
  2 giant frog skeletons (D:11)
  7 hounds
  27 orc wizards
  A two-headed ogre zombie (Crypt:2)
  49 iron imps
  A basilisk skeleton (Crypt:2)
  3 human skeletons
  7 iguanas
  Terence (D:2)
  Natasha (D:4)
  33 worker ants
  6 hell rats
  A porcupine skeleton (Crypt:2)
  40 sheep
  2 tengu zombies
  2 naga zombies
  2 tengu skeletons
  2 deep dwarf skeletons
  3 hound skeletons
  7 mummies
  A worker ant zombie (D:8)
  17 adders
  14 gnolls
  A howler monkey skeleton (D:5)
  25 river rats
  A steam dragon skeleton (Crypt:2)
  7 shadow imps
  4 white imps
  3 ufetubi
  3 oozes
  A worm zombie (Crypt:1)
  An adder skeleton (D:5)
  A lava snake skeleton (Crypt:1)
  5 worms
  A dart slug (D:2)
  4 giant geckos
  131 orcs
  2 ball pythons
  2 bat zombies (D:6)
  3 giant cockroaches
  9 goblins
  10 hobgoblins
  7 jackals
  12 kobolds
  7 quokkas
  A ball python skeleton (D:5)
  A ball python zombie (Crypt:2)
  17 bats
  6 giant newts
  A jackal zombie (Crypt:3)
  A kobold skeleton (Crypt:3)
  A kobold zombie (Dis:7)
  2 orc skeletons
  An orc zombie (Geh:4)
  2 quokka zombies (D:7)
  7 rats
  A rat skeleton (Crypt:3)
  A rat zombie (D:6)
  2 bushes
  3 crawling corpses (Elf:3)
  2 eldritch tentacle segments
  10 fire vortices
  95 fungi
  A lost soul (Crypt:1)
  98 plants
  4 starspawn tentacles
  2 tentacles (Hell)
4718 creatures vanquished.

Vanquished Creatures (collateral kills)
  A reaper (Dis:3)
  An ogre mage (Vaults:3)
  A wolf spider zombie (Dis:3)
  A two-headed ogre (Vaults:3)
  An orc (D:14)
5 creatures vanquished.

Vanquished Creatures (others)
  A lich (Geh:7)
  2 eldritch tentacles
  A fire giant (Dis:4)
  A deep elf elementalist (Elf:3)
  A stone giant (Depths:2)
  A salamander stormcaller (Geh:6)
  A merfolk javelineer (Shoals:4)
  2 hell hogs
  A titan skeleton (Geh:7)
  A flayed ghost (Geh:6)
  A deep elf mage (Elf:1)
  A smoke demon (Geh:6)
  A yaktaur (Vaults:5)
  A slime creature (Slime:5)
  2 raiju (Abyss:5)
  5 flying skulls
  A ynoxinul (Abyss:5)
  An air elemental (Elf:3)
  3 shadows
  2 wraiths (Geh:7)
  A human (Snake:3)
  A golden eye (Abyss:5)
  A large abomination (Abyss:1)
  3 nagas
  A spiny frog zombie (Geh:1)
  2 hell hounds
  An eye of draining (D:15)
  An ettin simulacrum (Hell)
  An ogre (Depths:1)
  2 wights
  2 jellies (Slime:6)
  A centaur skeleton (Geh:7)
  A howler monkey zombie (Crypt:1)
  An orc (Vaults:5)
  A jackal skeleton (Crypt:3)
  A crawling corpse (Elf:3)
  91 eldritch tentacle segments
  A fire vortex (Geh:3)
  39 fungi
  8 lost souls
  A lurking horror (Abyss:5)
  30 plants
  23 starspawn tentacles
  57 starspawn tentacle segments
  14 tentacles
  154 tentacle segments (Hell)
469 creatures vanquished.

Grand Total: 5192 creatures vanquished

Notes
Turn   | Place    | Note
--------------------------------------------------------------
     0 | D:1      | dvd the Gargoyle Fighter began the quest for the Orb.
     0 | D:1      | Reached XP level 1. HP: 14/14 MP: 1/1
    64 | D:1      | Reached XP level 2. HP: 14/19 MP: 2/2
   367 | D:1      | Reached XP level 3. HP: 22/23 MP: 3/3
   849 | D:2      | Noticed Terence
   855 | D:2      | Killed Terence
   855 | D:2      | Reached skill level 1 in Dodging
   855 | D:2      | Reached XP level 4. HP: 28/28 MP: 4/4
  1433 | D:2      | Noticed a moth of wrath
  1436 | D:2      | Found a bloodstained altar of Trog.
  1643 | D:3      | Reached XP level 5. HP: 28/32 MP: 5/5
  2568 | D:4      | Reached XP level 6. HP: 38/38 MP: 6/6
  2570 | D:4      | Noticed Flavorfulsole's ghost (amateur MiCK)
  2583 | D:4      | Killed Flavorfulsole's ghost
  2583 | D:4      | Reached skill level 5 in Shields
  2583 | D:4      | Reached XP level 7. HP: 30/44 MP: 7/7
  2807 | D:4      | Noticed Natasha
  2818 | D:4      | Killed Natasha
  3169 | D:5      | Entered Level 5 of the Dungeon
  3169 | D:5      | Found a glowing golden altar of the Shining One.
  3169 | D:5      | Found a snail-covered altar of Cheibriados.
  3169 | D:5      | Found a basalt altar of Yredelemnul.
  3228 | D:5      | Reached skill level 5 in Armour
  3442 | D:5      | Noticed Dowan
  3443 | D:5      | Noticed Duvessa
  3454 | D:5      | Found a glowing golden altar of the Shining One.
  3475 | D:5      | Killed Duvessa
  3475 | D:5      | Reached skill level 1 in Stealth
  3938 | D:5      | Killed Dowan
  4161 | D:6      | Noticed an oklob plant
  4226 | D:6      | Reached XP level 8. HP: 29/48 MP: 8/8
  4373 | D:6      | Found a snail-covered altar of Cheibriados.
  4572 | D:6      | Found a staircase to the Ecumenical Temple.
  4629 | Temple   | Entered the Ecumenical Temple
  4735 | Temple   | Became a worshipper of Qazlal Stormbringer
  4898 | D:6      | Reached skill level 5 in Fighting
  5075 | D:6      | Found an ancient bone altar of Kikubaaqudgha.
  5644 | D:7      | Reached * piety under Qazlal
  5644 | D:7      | Reached XP level 9. HP: 12/54 MP: 9/9
  5647 | D:7      | Reached skill level 5 in Maces & Flails
  6029 | D:7      | Found an oddly glowing altar of Pakellas.
  6596 | D:8      | Found a white marble altar of Elyvilon.
  7041 | D:8      | Got a scorched greatsling
  7042 | D:8      | Identified the +5 greatsling of Ambiguity {speed, rF+} (You found it on level 8 of the Dungeon)
  7076 | D:8      | Noticed Psyche
  7084 | D:8      | Killed Psyche
  7460 | D:9      | Reached ** piety under Qazlal
  7517 | D:9      | Reached XP level 10. HP: 61/61 MP: 10/10
  7522 | D:9      | Found a radiant altar of Vehumet.
  7549 | D:9      | Reached skill level 1 in Evocations
  7760 | D:9      | Found a shadowy altar of Dithmenos.
  7774 | D:9      | Reached skill level 10 in Shields
  8301 | D:9      | Noticed nikopol's ghost (novice MiBe)
  8343 | D:9      | Killed nikopol's ghost
  8372 | D:9      | Found a staircase to the Lair.
  8697 | D:10     | Entered Level 10 of the Dungeon
  9084 | D:10     | Noticed a gargoyle
  9095 | D:10     | Killed a gargoyle
  9095 | D:10     | Reached skill level 1 in Slings
  9095 | D:10     | Reached XP level 11. HP: 67/67 MP: 12/12
  9127 | D:10     | Reached *** piety under Qazlal
  9139 | D:10     | Noticed a hill giant
  9151 | D:10     | Killed a hill giant
  9600 | D:10     | Reached skill level 1 in Invocations
 10115 | D:11     | Noticed a cyclops
 10129 | D:11     | Killed a cyclops
 10334 | D:11     | Noticed a white ugly thing
 10340 | D:11     | Killed a white ugly thing
 10522 | D:11     | Reached **** piety under Qazlal
 10892 | Lair:1   | Entered Level 1 of the Lair of Beasts
 11286 | Lair:1   | Reached XP level 12. HP: 75/75 MP: 13/13
 11434 | Lair:1   | Gained mutation: Your body sometimes deteriorates upon taking damage. [potion of mutation]
 11434 | Lair:1   | Gained mutation: Your muscles are strong. (Str +2) [potion of mutation]
 11434 | Lair:1   | Gained mutation: You are clumsy. (Dex -2) [potion of mutation]
 11436 | Lair:1   | Gained mutation: Your flesh is cold resistant. [potion of mutation]
 11436 | Lair:1   | Gained mutation: You have large cloven feet. [potion of mutation]
 11436 | Lair:1   | Lost mutation: Your body sometimes deteriorates upon taking damage. [potion of mutation]
 11777 | Lair:2   | Identified the Compendium of Enchanting Protection
 11978 | Lair:2   | Noticed a four-headed hydra
 11984 | Lair:2   | Killed a four-headed hydra
 12213 | Lair:2   | Gained mutation: You are resistant to hostile enchantments. [potion of beneficial mutation]
 12641 | Lair:3   | Reached ***** piety under Qazlal
 13828 | Lair:4   | Reached skill level 5 in Slings
 13836 | Lair:4   | Found a staircase to the Snake Pit.
 14078 | Lair:4   | Noticed Josephine
 14089 | Lair:4   | Killed Josephine
 14089 | Lair:4   | Reached skill level 5 in Dodging
 14118 | Lair:4   | Reached XP level 13. HP: 69/80 MP: 14/14
 14298 | Snake:1  | Entered Level 1 of the Snake Pit
 14300 | Snake:1  | Noticed Gekot's ghost (adept SpEn)
 14325 | Snake:1  | Killed Gekot's ghost
 14327 | Snake:1  | Noticed a greater naga
 14332 | Snake:1  | Noticed Asterion
 14373 | Snake:1  | Killed a greater naga
 14527 | Lair:4   | Killed Asterion
 14813 | Snake:1  | Noticed Donald
 14829 | Snake:1  | Killed Donald
 14829 | Snake:1  | Reached skill level 10 in Armour
 15304 | Snake:1  | Reached skill level 15 in Shields
 15333 | Snake:1  | Reached skill level 10 in Maces & Flails
 15716 | Snake:1  | Gained mutation: Your large and strong wings let you fly indefinitely. [Gargoyle growth]
 15716 | Snake:1  | Reached XP level 14. HP: 22/87 MP: 8/15
 16349 | Snake:2  | Reached skill level 10 in Fighting
 16357 | Snake:2  | Noticed Roxanne
 16507 | Snake:2  | Found Delef's General Store.
 16521 | Snake:2  | Bought a scroll of enchant armour for 120 gold pieces
 16521 | Snake:2  | Bought a potion of heal wounds for 80 gold pieces
 16782 | Snake:2  | Killed Roxanne
 16784 | Snake:2  | Identified Roxanne's Catalogue of Transmutation (You took it off Roxanne on level 2 of the Snake Pit)
 17383 | Snake:3  | Found Kosakiuggim's Antique Armour Shoppe.
 17386 | Snake:3  | Bought a twisted chain mail for 370 gold pieces
 17424 | Snake:2  | Identified the +1 chain mail "Miuqeosa" {MR+} (You bought it in a shop on level 3 of the Snake Pit)
 17524 | Snake:3  | Noticed Kirke
 17533 | Snake:3  | Killed Kirke
 17557 | Snake:3  | Noticed Norris
 17571 | Snake:3  | Noticed Aizul
 17797 | Snake:2  | Killed Aizul
 18267 | Snake:3  | Killed Norris
 18267 | Snake:3  | Reached XP level 15. HP: 34/92 MP: 17/17
 18280 | Snake:3  | Noticed Vashnia
 18304 | Snake:3  | Killed Vashnia
 18934 | Snake:4  | Entered Level 4 of the Snake Pit
 18977 | Snake:4  | Noticed Louise
 18990 | Snake:4  | Noticed a greater naga
 19169 | Snake:4  | Killed a greater naga
 19197 | Snake:4  | Noticed a greater naga
 19255 | Snake:4  | Killed a greater naga
 19520 | Snake:3  | Killed Louise
 19573 | Snake:4  | Noticed a greater naga
 19577 | Snake:4  | Noticed a greater naga
 19778 | Snake:4  | Killed a greater naga
 19798 | Snake:4  | Killed a greater naga
 19996 | Snake:4  | Reached ****** piety under Qazlal
 20111 | Snake:4  | Reached XP level 16. HP: 99/99 MP: 18/18
 20571 | Snake:4  | Noticed a greater naga
 20650 | Snake:4  | Killed a greater naga
 20777 | Snake:4  | Noticed a greater naga
 20799 | Snake:4  | Killed a greater naga
 20860 | Snake:4  | Got a serpentine rune of Zot
 21224 | Lair:5   | Found a staircase to the Shoals.
 21993 | Lair:6   | Noticed Nessos
 22013 | Lair:6   | Killed Nessos
 23680 | Lair:7   | Found a staircase to the Slime Pits.
 23681 | Lair:7   | Found a viscous altar of Jiyva.
 24053 | Lair:8   | Entered Level 8 of the Lair of Beasts
 24099 | Lair:8   | Found a frozen archway.
 24189 | IceCv    | Entered an ice cave
 24211 | IceCv    | Reached XP level 17. HP: 96/104 MP: 19/19
 24418 | IceCv    | Got a scorched turquoise ring
 24420 | IceCv    | Identified the ring of Base {Str+4 SInv} (You found it in an ice cave)
 25160 | Lair:8   | Got an encrusted dire flail
 25163 | Lair:8   | Got a glittering pewter amulet
 25165 | Lair:8   | Identified the amulet of Hetedyrr {rElec rN++ Regen+ Slay+3 Stlth+} (You found it on level 8 of the Lair of Beasts)
 25174 | Lair:8   | Identified the +3 dire flail "Widowermaker" {venom, -Tele rElec rPois SInv} (You found it on level 8 of the Lair of Beasts)
 25896 | D:12     | Found a staircase to the Orcish Mines.
 25917 | Orc:1    | Entered Level 1 of the Orcish Mines
 26240 | Orc:2    | Entered Level 2 of the Orcish Mines
 26497 | Orc:2    | Found Vylac's Antique Armour Shop.
 26526 | Orc:2    | Bought a twisted chain mail for 256 gold pieces
 26550 | Orc:2    | Identified the +3 chain mail "Meukkano" {rC+} (You bought it in a shop on level 2 of the Orcish Mines)
 26578 | Orc:2    | Bought a steaming scale mail for 243 gold pieces
 26588 | Orc:2    | Identified the +5 scale mail of Satisfaction {rF+} (You bought it in a shop on level 2 of the Orcish Mines)
 26596 | Orc:2    | Bought a pair of runed gloves for 121 gold pieces
 26610 | Orc:2    | Bought a pair of glowing gloves for 121 gold pieces
 26690 | Orc:2    | Found a roughly hewn altar of Beogh.
 26758 | Orc:2    | Found Jattidun's General Store.
 26835 | Orc:2    | Found Ilumup's Jewellery Shop.
 26901 | Orc:2    | Found Modecehe's Antique Weapon Emporium.
 26909 | Orc:2    | Bought an iridescent mace for 200 gold pieces
 26912 | Orc:2    | Found a staircase to the Elven Halls.
 26921 | Orc:2    | Identified the +5 mace "Dibriry" {drain, rC- MR+ Int+2} (You bought it in a shop on level 2 of the Orcish Mines)
 27837 | D:13     | Found a gate to the Vaults.
 28071 | D:13     | Got a steaming leather armour
 28082 | D:13     | Identified the +4 leather armour of Pedos {rN+ MR- Dex+2 Slay+2} (You found it on level 13 of the Dungeon)
 28359 | D:13     | Found a runed door.
 28445 | D:13     | Reached XP level 18. HP: 112/112 MP: 20/20
 28454 | D:13     | Found a roughly hewn altar of Beogh.
 29070 | D:14     | Noticed Sonja
 29094 | D:14     | Killed Sonja
 29569 | D:15     | Entered Level 15 of the Dungeon
 29579 | D:15     | Noticed Urug
 29593 | D:15     | Killed Urug
 30002 | D:15     | Noticed Azrael
 30023 | D:15     | Killed Azrael
 30315 | D:15     | Reached skill level 15 in Maces & Flails
 30330 | D:15     | Found a staircase to the Depths.
 30610 | Elf:1    | Entered Level 1 of the Elven Halls
 31726 | Elf:1    | Identified a scroll of acquirement
 31943 | Elf:2    | Noticed Jorgrun
 31960 | Elf:2    | Killed Jorgrun
 32110 | Elf:2    | Found a deep blue altar of Sif Muna.
 32327 | Elf:2    | Reached XP level 19. HP: 120/120 MP: 21/21
 32330 | Elf:2    | Found a runed gate.
 32330 | Elf:2    | Found a runed gate.
 32332 | Elf:2    | Found a runed gate.
 32366 | Elf:2    | Found Wabot's Jewellery Shop.
 33071 | Elf:3    | Entered Level 3 of the Elven Halls
 33839 | Elf:3    | Noticed a Tzitzimitl
 34026 | Elf:3    | Got a sparkling copper ring
 34051 | Elf:3    | Identified the ring "Kygao" {rPois rC+ MR+ Int+3 Dex+6} (You took it off a deep elf annihilator on level 3 of the Elven Halls)
 34094 | Elf:3    | Found a radiant altar of Vehumet.
 34135 | Elf:3    | Reached XP level 20. HP: 124/127 MP: 22/22
 34420 | Elf:3    | Got a pitted lapis lazuli ring
 34483 | Elf:3    | Got an ichor-stained hat
 34494 | Elf:3    | Identified the +0 hat "Zejut" {Int+4} (You acquired it on level 3 of the Elven Halls)
 34517 | Elf:3    | Identified a +1 pair of boots of running (You found it on level 3 of the Elven Halls)
 34528 | Elf:3    | Identified Oseinent's Handbook of Ignition and Contamination (You found it on level 3 of the Elven Halls)
 34535 | Elf:3    | Identified the ring "Hemuid" {MP+9 AC+4} (You took it off a deep elf mage on level 3 of the Elven Halls)
 35020 | Shoals:1 | Entered Level 1 of the Shoals
 35337 | Shoals:1 | You are sucked into a shaft!
 37448 | Shoals:4 | Entered Level 4 of the Shoals
 37482 | Shoals:4 | Noticed Ilsuiw
 37526 | Shoals:4 | Killed Ilsuiw
 37614 | Shoals:4 | Noticed tyrsky's ghost (adept MiGl)
 37647 | Shoals:4 | Killed tyrsky's ghost
 37648 | Shoals:4 | Noticed deorigin's ghost (adept DsGl)
 37697 | Shoals:4 | Killed deorigin's ghost
 37909 | Shoals:4 | Noticed Polyphemus
 37951 | Shoals:4 | Killed Polyphemus
 38051 | Shoals:4 | Reached skill level 10 in Dodging
 38135 | Shoals:4 | Got a slimy mace
 38136 | Shoals:4 | Identified the cursed +1 mace "Worm" {crush, rElec MP-9 SInv} (You found it on level 4 of the Shoals)
 38488 | Shoals:4 | Reached XP level 21. HP: 132/132 MP: 23/23
 38519 | Shoals:4 | Identified the Grimoire of Mutagenic Aid
 38573 | Shoals:4 | Got a barnacled rune of Zot
 39144 | Vaults:1 | Entered Level 1 of the Vaults
 39671 | Vaults:1 | Reached skill level 15 in Fighting
 39760 | Vaults:1 | Found Heukomye's Distillery.
 39771 | Vaults:1 | Bought a potion of beneficial mutation for 525 gold pieces
 39771 | Vaults:1 | Gained mutation: You are partially covered in thin metallic scales (AC +2). [potion of beneficial mutation]
 39958 | Vaults:1 | Found Oggoupa's Food Boutique.
 40422 | Vaults:2 | Found a staircase to the Crypt.
 41054 | Vaults:2 | Reached XP level 22. HP: 132/140 MP: 24/24
 41541 | Vaults:3 | Noticed Boris
 41573 | Vaults:3 | Killed Boris
 41652 | Vaults:3 | Found Plog's Assorted Antiques.
 41655 | Vaults:3 | Bought a scroll of enchant weapon for 247 gold pieces
 42311 | Vaults:3 | Noticed Saint Roka
 42325 | Vaults:3 | Killed Saint Roka
 43848 | Vaults:4 | Noticed Sojobo
 43865 | Vaults:4 | Killed Sojobo
 43895 | Vaults:4 | Noticed Rupert
 43907 | Vaults:4 | Killed Rupert
 44119 | Vaults:5 | Entered Level 5 of the Vaults
 44149 | Vaults:4 | Reached XP level 23. HP: 138/147 MP: 19/25
 44356 | Vaults:5 | Noticed a golden dragon
 44709 | Vaults:5 | Got a translucent morningstar {crush}
 44710 | Vaults:5 | Identified the +7 morningstar of Uhuliesio {crush, Int-3 Dex+6} (You took it off a deep elf sorcerer on level 5 of the Vaults)
 44725 | Vaults:5 | Got a crude ring mail
 45135 | Vaults:5 | Reached XP level 24. HP: 154/154 MP: 25/25
 45205 | Vaults:5 | Identified the +4 ring mail of Joavooden {MR+ Int+4} (You found it on level 5 of the Vaults)
 45223 | Vaults:5 | Got a fine morningstar {speed}
 45224 | Vaults:5 | Identified the cursed +1 morningstar "Fipidiemn" {speed, Str+4 Dex+2} (You took it off a deep elf death mage on level 5 of the Vaults)
 45422 | Vaults:5 | Found Tyunoem's Distillery.
 45427 | Vaults:5 | Got a spiked cloak
 45438 | Vaults:5 | Identified the +4 cloak "Jisomylo" {Dex+3} (You found it on level 5 of the Vaults)
 45494 | Vaults:5 | Got a bloodstained hat
 45505 | Vaults:5 | Identified the +0 hat of Buisadash {rPois rN+ Int-4} (You found it on level 5 of the Vaults)
 45557 | Vaults:5 | Got a shimmering wooden ring
 45560 | Vaults:5 | Identified the ring "Torifov" {rCorr rF+ Str+6 Dex+3} (You took it off a vault warden on level 5 of the Vaults)
 45655 | Vaults:5 | Got a scorched plate armour
 45771 | Vaults:5 | Identified the +1 plate armour "Kuosowug" {MP+9 SInv} (You took it off an orc warrior on level 5 of the Vaults)
 46111 | Vaults:5 | Got a silver rune of Zot
 46436 | Crypt:1  | Entered Level 1 of the Crypt
 46699 | Crypt:1  | Noticed Mara
 46703 | Crypt:1  | Noticed dvd's illusion
 46753 | Crypt:1  | Noticed dvd's illusion
 46775 | Crypt:1  | Killed Mara
 46846 | Crypt:1  | Noticed Xtahua
 46855 | Crypt:1  | Killed Xtahua
 47487 | Crypt:1  | Identified the Catalogue of Black Secrets
 48019 | Crypt:2  | Noticed st0uf's ghost (adept DrBe)
 48086 | Crypt:2  | Killed st0uf's ghost
 48790 | Crypt:3  | Entered Level 3 of the Crypt
 48852 | Crypt:3  | Reached XP level 25. HP: 156/161 MP: 25/25
 49361 | Crypt:3  | Found an ancient bone altar of Kikubaaqudgha.
 49400 | Crypt:3  | Noticed an ancient lich
 49459 | Crypt:3  | Killed an ancient lich
 49459 | Crypt:3  | Reached skill level 5 in Invocations
 49702 | Crypt:3  | Identified a +3 rod of clouds (10/10) (You found it on level 3 of the Crypt)
 49727 | Crypt:3  | Got a brightly glowing war axe
 49728 | Crypt:3  | Identified the +3 war axe "Unocwuri" {drain, +Inv rPois} (You found it on level 3 of the Crypt)
 50094 | Crypt:3  | Found a staircase to the Tomb.
 50176 | Crypt:3  | Reached skill level 27 in Shields
 50678 | Slime:1  | Entered Level 1 of the Pits of Slime
 50752 | Slime:1  | Gained mutation: You are very clumsy. (Dex -4) [a shining eye]
 51396 | Slime:2  | Lost mutation: Your muscles are strong. (Str +2) [a shining eye]
 51708 | Slime:3  | Noticed Dissolution
 51721 | Slime:3  | Killed Dissolution
 52208 | Slime:4  | Reached XP level 26. HP: 168/168 MP: 28/28
 52218 | Slime:4  | Lost mutation: You are very clumsy. (Dex -4) [a shining eye]
 52848 | Slime:6  | Entered Level 6 of the Pits of Slime
 53034 | Slime:6  | Gained mutation: You have a pair of small horns on your head. [a shining eye]
 53208 | Slime:6  | Noticed the Royal Jelly
 53224 | Slime:6  | Killed the Royal Jelly
 53643 | Slime:6  | Got a slimy rune of Zot
 53678 | Slime:6  | Got a warped scale mail
 53689 | Slime:6  | Identified the +3 scale mail of Indomitability {rElec Int+6} (You found it on level 6 of the Pits of Slime)
 53816 | Slime:6  | Got a vibrating amber ring
 53818 | Slime:6  | Identified the ring "Deabecw" {MR+++ Str-4 Int+2 Dex-2 Stlth+} (You found it on level 6 of the Pits of Slime)
 53821 | Slime:6  | Got a brightly glowing jade ring
 53823 | Slime:6  | Identified the cursed ring of Kissatz {rC++ Str-2 Int-2 Dex+3 Stlth+} (You found it on level 6 of the Pits of Slime)
 54513 | Depths:1 | Entered Level 1 of the Depths
 54669 | Depths:1 | Noticed Nikola
 54684 | Depths:1 | Killed Nikola
 54860 | Depths:1 | Found a gateway to Hell.
 55470 | Depths:1 | Found a runed door.
 55577 | Depths:1 | Reached skill level 10 in Invocations
 55678 | Depths:1 | Got a brightly glowing steel ring
 55680 | Depths:1 | Identified the ring of the Forsaken Ghosts {rCorr rF+ rN+ Dex+2} (You found it on level 1 of the Depths)
 55935 | Depths:2 | Got a brightly glowing ivory ring
 55936 | Depths:2 | Identified the ring "Axtem" {SustAt +Fly rPois rF+} (You took it off an orc on level 2 of the Depths)
 55949 | Depths:2 | Noticed Margery
 55960 | Depths:2 | Killed Margery
 56009 | Depths:2 | Found a one-way gate to the infinite horrors of the Abyss.
 56118 | Depths:2 | Found a gateway to a ziggurat.
 56127 | Depths:2 | Reached XP level 27. HP: 177/177 MP: 30/30
 56136 | Depths:2 | Identified the Catalogue of Sinister Rituals (You found it on level 2 of the Depths)
 56246 | Depths:2 | Got a translucent steel ring
 56364 | Depths:2 | Identified the ring of Nakaroonn {rF- Int+4 SInv} (You took it off a centaur warrior on level 2 of the Depths)
 56407 | Depths:2 | Found Muloqi's Weapon Emporium.
 56533 | Depths:2 | Paralysed by a giant eyeball for 4 turns
 56573 | Depths:2 | Got a smoking lapis lazuli ring
 56709 | Depths:2 | Got an ancient cloak
 56720 | Depths:2 | Identified the +1 cloak "Gifet" {MR+++ Str-4 Int-3 Stlth+} (You found it on level 2 of the Depths)
 56736 | Depths:2 | Identified the ring of Pride {rPois rN+} (You took it off a skeletal warrior on level 2 of the Depths)
 56935 | Depths:3 | Got a bronze gold dragon armour
 56952 | Depths:2 | Identified the +0 gold dragon armour of the Twelve Tales {rElec rPois rF+ rC+ rN+} (You acquired it on level 3 of the Depths)
 57174 | Depths:3 | Found a one-way gate leading to the halls of Pandemonium.
 58668 | Depths:5 | Entered Level 5 of the Depths
 59106 | Depths:5 | Found a gate to the Realm of Zot.
 59744 | Depths:4 | Voluntarily entered the Abyss.
 60015 | Abyss:1  | Found a bloodstained altar of Trog.
 60112 | Abyss:1  | Found a snail-covered altar of Cheibriados.
 60151 | Abyss:1  | Found a bloodstained altar of Trog.
 60158 | Abyss:1  | Found a snail-covered altar of Cheibriados.
 60161 | Abyss:1  | Found a snail-covered altar of Cheibriados.
 60338 | Abyss:1  | Gained mutation: You are very clumsy. (Dex -4) [a cacodemon]
 60527 | Abyss:5  | Entered Level 5 of the Abyss
 60559 | Abyss:5  | Gained mutation: You are weak. (Str -2) [a neqoxec]
 60666 | Abyss:5  | Lost intelligence.
 60781 | Abyss:5  | Gained mutation: Your magical capacity is extremely low (-30% MP). [a neqoxec]
 60782 | Abyss:5  | Gained mutation: Armour fits poorly on your strangely shaped body. [a neqoxec]
 61117 | Depths:4 | Escaped the Abyss
 61333 | Zot:1    | Entered Level 1 of the Realm of Zot
 61534 | Depths:5 | Lost mutation: Your magical capacity is low (-10% MP). [potion of cure mutation]
 61534 | Depths:5 | Lost mutation: You are weak. (Str -2) [potion of cure mutation]
 61534 | Depths:5 | Lost mutation: You have a pair of small horns on your head. [potion of cure mutation]
 61534 | Depths:5 | Lost mutation: You are very clumsy. (Dex -4) [potion of cure mutation]
 61534 | Depths:5 | Lost mutation: You are resistant to hostile enchantments. [potion of cure mutation]
 62411 | Hell     | Entered the Vestibule of Hell
 62411 | Hell     | Noticed Geryon
 62424 | Hell     | Killed Geryon
 62816 | Hell     | Found a gateway to the freezing wastes of Cocytus.
 62921 | Hell     | Found a gateway to the Iron City of Dis.
 62994 | Hell     | Found a gateway to the decaying netherworld of Tartarus.
 63086 | Hell     | Found a gateway to the ashen valley of Gehenna.
 63282 | Dis:1    | Entered Level 1 of the Iron City of Dis
 64817 | Dis:2    | Reached skill level 15 in Invocations
 65514 | Dis:3    | Reached skill level 15 in Armour
 67650 | Dis:5    | Reached skill level 27 in Maces & Flails
 68765 | Dis:6    | Lost mutation: You are clumsy. (Dex -2) [mutagenic glow]
 69048 | Dis:7    | Entered Level 7 of the Iron City of Dis
 69293 | Dis:7    | Gained mutation: You are weak. (Str -2) [a cacodemon]
 69305 | Dis:7    | Gained mutation: You occasionally shout uncontrollably at your foes. [a cacodemon]
 69504 | Dis:7    | Lost mutation: You occasionally shout uncontrollably at your foes. [a cacodemon]
 69680 | Dis:7    | Gained mutation: You are clumsy. (Dex -2) [a cacodemon]
 69689 | Dis:7    | Gained mutation: You tend to lose your temper in combat. [a cacodemon]
 70692 | Dis:7    | Got a smoking scale mail
 70703 | Dis:7    | Identified the +2 scale mail of Yredelemnul's Wrath {Str+2 Dex+2} (You found it on level 7 of the Iron City of Dis)
 71132 | Dis:7    | Noticed the Serpent of Hell
 71169 | Dis:7    | Killed the Serpent of Hell
 72575 | Dis:7    | Noticed Dispater
 72629 | Dis:7    | Killed Dispater
 72716 | Dis:7    | Got an iron rune of Zot
 73075 | Geh:1    | Entered Level 1 of Gehenna
 73657 | Geh:1    | Gained mutation: You expend magic power (3 MP) to strengthen your wands. [mutagenic glow]
 76476 | Geh:3    | Reached skill level 27 in Fighting
 76593 | Geh:3    | Gained mutation: Scrolls take you a little longer to read. [mutagenic glow]
 77139 | Geh:3    | Reached skill level 5 in Stealth
 78662 | Geh:4    | Reached skill level 15 in Dodging
 79082 | Geh:5    | Lost mutation: Scrolls take you a little longer to read. [mutagenic glow]
 79150 | Geh:5    | Gained mutation: You are very weak. (Str -4) [mutagenic glow]
 80447 | Geh:7    | Entered Level 7 of Gehenna
 81731 | Geh:7    | Killed from afar by a Brimstone Fiend

Skill      XL: |  1  2  3  4  5  6  7  8  9 10 11 12 13 14 15 16 17 18 19 20 21 22 23 24 25 26 27 |
---------------+----------------------------------------------------------------------------------+-----
Shields        | 4 5 6 7 9 11 12 13 15 16 18 19 20 21 22 23 24 25 26 27 | 27.0
Dodging        | 1 2 3 4 5 6 7 8 9 10 11 12 16 | 16.0
Armour         | 4 5 6 7 8 9 10 11 12 13 21 | 21.5
Maces & Flails | 3 4 6 7 8 9 10 11 12 13 14 15 16 17 18 19 20 21 23 27 | 27.0
Fighting       | 4 5 6 7 8 9 10 11 12 13 14 15 16 17 18 19 27 | 27.0
Stealth        | 1 2 3 4 6 |  6.1
Evocations     | 1 2 3 |  3.7
Slings         | 1 3 5 6 7 8 9 |  9.6
Invocations    | 1 2 3 7 10 20 | 20.1
Throwing       | |  0.3

Action                   |  1- 3 |  4- 6 |  7- 9 | 10-12 | 13-15 | 16-18 | 19-21 | 22-24 | 25-27 || total
-------------------------+-------+-------+-------+-------+-------+-------+-------+-------+-------++-------
Melee: Whip              |    93 |   235 |   505 |   891 |   148 |    62 |       |       |       ||  1934
       Morningstar       |       |       |       |    28 |       |       |       |   908 |  7637 ||  8573
       Demon whip        |       |       |       |       |   875 |  1920 |  1746 |   935 |   472 ||  5948
       Headbutt          |       |       |       |       |       |       |       |       |   820 ||   820
       Staff             |       |       |       |       |       |       |       |       |    11 ||    11
 Fire: Greatsling        |       |       |       |   175 |   176 |    93 |    54 |    23 |       ||   521
Throw: Stone             |       |       |       |     4 |       |       |       |       |       ||     4
Invok: Upheaval          |       |       |       |     3 |     3 |     1 |       |     1 |    21 ||    29
       Elemental Force   |       |       |       |       |     1 |       |       |     1 |     1 ||     3
       Disaster Area     |       |       |       |       |       |     3 |     2 |     4 |    14 ||    23
 Abil: Fly               |       |       |       |       |     1 |       |       |       |       ||     1
Evoke: Wand              |       |       |     5 |    15 |    14 |     4 |       |       |    12 ||    50
       Horn of Geryon    |       |       |       |       |       |       |       |       |     2 ||     2
  Use: Potion            |       |     1 |     7 |     9 |    10 |     1 |     3 |     4 |    19 ||    54
       Scroll            |       |       |    12 |    14 |    10 |    16 |     6 |     7 |    22 ||    87
 Stab: Paralysed         |       |       |       |     6 |       |       |       |       |       ||     6
       Distracted        |       |       |       |       |       |       |       |     1 |     2 ||     3
  Eat: Chunk             |       |     6 |    16 |    38 |    17 |    30 |    24 |    19 |    30 ||   180
       Pizza             |       |       |     1 |       |       |       |       |     5 |     2 ||     8
       Beef jerky        |       |       |       |     1 |     3 |       |     2 |       |     5 ||    11
       Fruit             |       |       |       |       |       |     2 |       |       |     3 ||     5
       Royal jelly       |       |       |       |       |       |       |       |       |    17 ||    17
       Meat ration       |       |       |       |       |       |       |       |       |    11 ||    11
Armor: Scale mail        |    63 |     4 |       |       |       |    91 |   218 |   247 |       ||   623
       Chain mail        |       |   113 |   157 |   172 |   173 |   220 |       |       |       ||   835
       Plate armour      |       |       |    30 |    77 |       |       |       |   163 |  1499 ||  1769
       Gold dragon armou |       |       |       |       |       |       |       |       |    58 ||    58
Dodge: Dodged            |    25 |    48 |    97 |   107 |   126 |   275 |   249 |   483 |  2070 ||  3480
       Deflected         |       |       |       |     4 |    47 |    33 |    22 |    23 |    94 ||   223
Block: Shield            |    58 |   102 |   269 |   643 |  1014 |  1856 |       |       |       ||  3942
       Large shield      |       |       |       |       |       |    14 |  1939 |  2500 | 11486 || 15939
